AoeStats
← D Coppa

Nomad

503486232Analyzed
1v1 RM · 1mo ago on Aug 31, 2026· 42m 30s· 2 players
Game mode
Random Map
Map size
126×126
Population
200
Speed
Normal
Resources
Standard
Victory
Conquest
Starting age
Dark Age
Ending age
Imperial Age
RankedLock teamsTeams togetherTeam positionsShared explorationLock speedFull tech treeHidden civsTurbo modeCheats
Victory
Defeat
🇧🇷 Goths · Brazil
191
+13
🇮🇹 Slavs · Italy
136
-13
D Coppa
15:38 Feudal Age
17:05 Wheelbarrow
16:38 Horse Collar
17:01 Double-Bit Axe
17:40 Gold Mining
23:12 Man-at-Arms
28:34 Castle Age
27:46 Scale Barding Armor
27:51 Forging
27:42 Scale Mail Armor
27:44 Padded Archer Armor
27:35 Fletching
28:18 Fishing Lines
29:28 Squires
29:39 Husbandry
30:03 Hand Cart
29:53 Heavy Plow
31:08 Bloodlines
33:54 Bow Saw
34:31 Gold Shaft Mining
34:52 Long Swordsman
cristiangossler
3:56 Loom
17:30 Feudal Age
18:45 Double-Bit Axe
24:09 Town Watch
27:05 Forging
26:45 Fletching
31:15 Castle Age
31:25 Padded Archer Armor
31:28 Scale Mail Armor
31:39 Pikeman
32:25 Squires
31:47 Man-at-Arms
32:42 Husbandry
33:57 Iron Casting
34:40 Man-at-Arms
37:23 Bodkin Arrow
Connection lost

Rejoining the realm…

Still unreachable

The connection could not be restored.

Session expired

The server has moved on; the page needs a fresh start.